 Seeded DCSS version 0.32-a0-918-g0f22ef8d61 (webtiles) character file.

Game seed: 10892291039332123804 (custom seed)

18442 timneilson the Nimble (level 12, 0/92 HPs)
             Began as a Djinni Conjurer on Apr 10, 2024.
             Was a Believer of Makhleb.
             Slain by a skeletal warrior
             ... wielding a +0 long sword
              (7 damage)
             ... on level 11 of the Dungeon.
             The game lasted 00:40:10 (12962 turns).

timneilson the Nimble (Djinni Conjurer)            Turns: 12962, Time: 00:40:11

Health: 0/92       AC:  5    Str:  6    XL:     12   Next: 95%
Gold:   768        EV: 20    Int: 39    God:    Makhleb [**....] SH:  0 Dex: 17

rFire   + + .        g - +10 mace "Onnawilupy" {flame, Int+7}
rCold   . . .        (no shield)
rNeg    . . .        i - +2 robe of Fystruf Otylu {Dex+6}
rPois   ∞            (no helmet)
rElec   .            (no cloak)
rCorr   .            a - +0 pair of gloves
SInv    .            (boots unavailable)
Will    +....        B - amulet of the acrobat
Stlth   ++++         c - ring of protection from cold
HPRegen 0.35/turn    x - +6 ring of intelligence

%: acrobat, infuse magic (-1 HP)
@: flying, very slightly contaminated
A: sickness immunity, fire resistance 2, cold vulnerability 1, float, innate
caster, HP casting, extra vitality 1
a: Renounce Religion, Minor Destruction


You were on level 11 of the Dungeon.
You worshipped Makhleb.
Makhleb was pleased with you.
You visited 2 branches of the dungeon, and saw 12 of its levels.
You also visited: Bailey.

You collected 768 gold pieces.

Inventory:

Hand Weapons
 g - the +10 mace "Onnawilupy" (weapon) {flame, Int+7}
   (You found it on level 2 of the Dungeon)

   Int+7:     It affects your intelligence (+7).
Missiles
 b - 17 poisoned darts
 C - a curare-tipped dart
Armour
 a - a +0 pair of gloves (worn)
 f - a +1 robe of cold resistance
 i - the +2 robe of Fystruf Otylu (worn) {Dex+6}
   (You found it on level 5 of the Dungeon)

   Dex+6:     It affects your dexterity (+6).
Jewellery
 c - a ring of protection from cold (left hand)
 k - a ring of fire
 n - a +4 ring of protection
 x - a +6 ring of intelligence (right hand)
 A - a ring of willpower
 B - an amulet of the acrobat (around neck)
Wands
 m - a wand of flame (19)
 v - a wand of roots (13)
 D - a wand of light (5)
Scrolls
 d - a scroll of butterflies
 l - 3 scrolls of teleportation
 q - a scroll of poison
 w - 5 scrolls of enchant weapon
 y - a scroll of blinking
Potions
 e - 2 potions of haste
 h - 2 potions of attraction
 j - a potion of invisibility
 o - 5 potions of lignification
 p - 2 potions of brilliance
 r - 2 potions of cancellation
 s - a potion of enlightenment
 t - a potion of resistance
 u - a potion of mutation
 z - 5 potions of curing


   Skills:
 * Level 10.4 Fighting
 + Level 7.2 Armour
 * Level 14.7 Dodging
 + Level 6.9 Stealth
 + Level 6.5 Spellcasting
 + Level 6.5 Conjurations
 + Level 6.5 Hexes
 + Level 6.5 Summonings
 + Level 6.5 Necromancy
 + Level 6.5 Translocations
 + Level 6.5 Fire Magic
 + Level 6.5 Ice Magic
 + Level 6.5 Air Magic
 + Level 6.5 Earth Magic
 + Level 6.5 Alchemy
 + Level 4.0 Invocations
 + Level 5.6 Evocations


You knew the following spells:

 Your Spells              Type           Power      Damage    Failure   Level
a - Magic Dart            Conj           100%       1d8       1%          1
b - Searing Ray           Conj           100%       2d8       1%          2
c - Fulminant Prism       Conj/Alch      29%        3d13      1%          4
d - Iskenderun's Mystic   Conj/Tloc      59%        2d12      (+2d61%     4
e - Apportation           Tloc           100%       N/A       1%          1
f - Momentum Strike       Conj/Tloc      100%       3d10      1%          2
g - Ozocubu's Armour      Ice            59%        N/A       1%          3
h - Confusing Touch       Hex            59%        N/A       1%          3
i - Arcjolt               Conj/Air       29%        1d39      5%          5
Your spell library was empty.

Dungeon Overview and Level Annotations

Branches:
Dungeon (11/15)            Temple (1/1) D:7            Lair (0/5) D:11
    Orc (0/2) D:11         Bailey (visited)

Altars:
Ashenzari
Cheibriados
Dithmenos
Elyvilon
Fedhas
Gozag
Hepliaklqana
Makhleb
Nemelex Xobeh
Okawaru
Qazlal
Ru
Trog
Uskayaw
Wu Jian
Xom
Yredelemnul
Zin
The Shining One

Shops:
D:5 :

Annotations:
D:6 1 runed translucent door, Crazy Yiuf
D:7 1 runed translucent door, dynoo's ghost, novice TrMo


Innate Abilities, Weirdness & Mutations

You are immune to sickness and miasma.
You are immune to poison.
Your flesh is very heat resistant. (rF++)
You are vulnerable to cold. (rC-)
You float through the air rather than walking.
You learn spells naturally, not from books.
Your magical power is your life essence.
You have superior vitality. (+4 MHP)


Message History

Electricity surges outward!
The skeletal warrior is struck by an electric surge!!
The skeletal warrior is moderately damaged.
The skeletal warrior hits you with a +0 long sword!!
Unknown command.
Casting: Arcjolt (dangerous; 5% risk of failure)
Confirm with . or Enter, or press ? or * to list all spells.
You miscast Arcjolt.
You are very lightly contaminated with residual magic.
Nothing appears to happen.
The skeletal warrior closely misses you.
The skeletal warrior barely misses you.
Casting: Arcjolt (dangerous; 5% risk of failure)
Confirm with . or Enter, or press ? or * to list all spells.
Electricity surges outward!
The skeletal warrior is struck by an electric surge!
The skeletal warrior is heavily damaged.
The skeletal warrior is struck by an electric surge!!
The skeletal warrior is heavily damaged.
The skeletal warrior hits you from afar with a +0 glaive!!
The skeletal warrior completely misses you.
Casting: Arcjolt (dangerous; 5% risk of failure)
Confirm with . or Enter, or press ? or * to list all spells.
You miscast Arcjolt.
There is a short, sharp shower of sparks!
* * * LOW HITPOINT WARNING * * *
x2 The skeletal warrior misses you.
The skeletal warrior closely misses you.
Casting: Arcjolt (dangerous; 5% risk of failure)
Confirm with . or Enter, or press ? or * to list all spells.
Electricity surges outward!
The skeletal warrior is struck by an electric surge!!
The skeletal warrior is almost destroyed.
The skeletal warrior is struck by an electric surge!!
The skeletal warrior is almost destroyed.
* * * LOW HITPOINT WARNING * * *
The skeletal warrior hits you from afar with a +0 glaive!
* * * LOW HITPOINT WARNING * * *
The skeletal warrior hits you with a +0 long sword!
You die...

###.##.# #....
#.##.## ##.#.#
#.##..## ##)...#
#.##.#.###.#####
###.##.##...##
#......###..######
#.#.######..##....
#.#.# #..>#.....
#@#.# #.#.......
#z#.# #.........
#z#.# ##..>#...#
#.#.######......##
#.#......#.#.####
#.#####....#.#
#..........#.#
#######...##.#####
##..........


You could see 2 skeletal warriors.

Vanquished Creatures
  An ogre mage (D:10)
  A boulder beetle (D:11)
  2 two-headed ogres
  Amaemon (D:8)
  3 skeletal warriors (D:11)
  Pikel (D:4)
  2 orc knights (Bailey)
  A deep elf pyromancer (D:10)
  2 cyclopes
  An elephant (D:11)
  An orange demon (D:8)
  2 komodo dragons (D:10)
  Jeremiah (D:6)
  A troll (D:10)
  Sigmund (D:6)
  2 wyverns
  A wraith (D:9)
  2 shadows (D:9)
  A vampire (D:11)
  2 basilisks (D:11)
  19 yaks
  A steam dragon (D:7)
  3 water moccasins
  Duvessa (D:4)
  A black bear (D:4)
  2 sky beasts (D:7)
  16 orc warriors
  An ice beast (D:6)
  3 ogres
  5 centaurs
  2 lemures (D:4)
  2 phantoms
  3 kobold brigands
  A weeping skull (D:10)
  A bullfrog (D:9)
  4 scorpions
  21 wights
  Dowan (D:4)
  A killer bee (D:8)
  2 howler monkeys
  3 bombardier beetles
  A hound (D:4)
  A gnoll bouda (D:8)
  7 orc priests
  2 jellies (D:5)
  Jessica (D:2)
  An iguana (D:4)
  A sleepcap (D:6)
  4 orc wizards
  3 gnolls (D:8)
  8 adders
  2 shadow imps (D:7)
  2 white imps
  2 ufetubi (D:5)
  4 dart slugs
  24 orcs
  6 ball pythons
  2 endoplasms (D:4)
  4 giant cockroaches
  7 goblins
  10 hobgoblins
  4 quokkas
  7 bats
  8 frilled lizards
  16 kobolds
  5 rats
  A spectral orc (D:10)
255 creatures vanquished.

Vanquished Creatures (others)
  13 fulminant prisms
13 creatures vanquished.

Grand Total: 268 creatures vanquished

Notes
Turn   | Place    | Note
-------+----------+-------------------------------------------
     0 | D:1      | timneilson the Djinni Conjurer began the quest for the Orb.
     0 | D:1      | timneilson set off with the following spells memorised:
                  | Magic Dart, Searing Ray, Fulminant Prism, Iskenderun's
                  | Mystic Blast.
     0 | D:1      | Reached XP level 1. HP: 15/15 MP: 0/0
   171 | D:1      | Reached XP level 2. HP: 18/22 MP: 0/0
   263 | D:1      | Identified a scroll of acquirement
   263 | D:1      | Acquired a manual of Dodging
   548 | D:1      | Reached skill level 1 in Fighting
   591 | D:1      | Reached XP level 3. HP: 25/27 MP: 0/0
   591 | D:1      | Learned a level 1 spell: Apportation
   855 | D:2      | Noticed Jessica
   862 | D:2      | Killed Jessica
   863 | D:2      | Reached skill level 1 in Armour
   863 | D:2      | Reached skill level 3 in Dodging
   863 | D:2      | Reached XP level 4. HP: 29/32 MP: 0/0
   976 | D:2      | Identified the +10 mace "Onnawilupy" {flame, Int+7}
  1687 | D:3      | Reached XP level 5. HP: 13/38 MP: 0/0
  1687 | D:3      | Learned a level 2 spell: Momentum Strike
  1819 | D:3      | Found a blossoming altar of Fedhas.
  1838 | D:3      | Reached skill level 4 in Dodging
  1869 | D:3      | Found a stormy altar of Qazlal.
  1915 | D:3      | Found a sacrificial altar of Ru.
  2204 | D:3      | Found a white marble altar of Elyvilon.
  2314 | D:4      | Reached XP level 6. HP: 24/45 MP: 0/0
  2434 | D:4      | Found an iron altar of Okawaru.
  2527 | D:4      | Reached skill level 5 in Dodging
  2570 | D:4      | Noticed Pikel
  2577 | D:4      | Killed Pikel
  2578 | D:4      | Reached skill level 7 in Dodging
  2578 | D:4      | Reached XP level 7. HP: 35/52 MP: 0/0
  2578 | D:4      | Learned a level 3 spell: Ozocubu's Armour
  2578 | D:4      | Reached XP level 8. HP: 39/58 MP: 0/0
  3145 | D:4      | Found a shadowy altar of Dithmenos.
  3289 | D:4      | Noticed Duvessa
  3310 | D:4      | Noticed Dowan
  3317 | D:4      | Killed Dowan
  3321 | D:4      | Killed Duvessa
  3322 | D:4      | Reached skill level 8 in Dodging
  3712 | D:5      | Entered Level 5 of the Dungeon
  3813 | D:5      | Reached skill level 5 in Fighting
  3895 | D:5      | Found a glowing golden altar of the Shining One.
  3982 | D:5      | Identified the +2 robe of Fystruf Otylu {Dex+6}
  4115 | D:5      | Found a shimmering altar of Xom.
  4265 | D:5      | Reached XP level 9. HP: 63/65 MP: 0/0
  4265 | D:5      | Learned a level 3 spell: Confusing Touch
  4323 | D:5      | Reached skill level 9 in Dodging
  4526 | D:5      | Found Zurish's Vocational Training.
  4600 | D:6      | Noticed Jeremiah
  4805 | D:6      | Killed Jeremiah
  4806 | D:6      | Reached skill level 10 in Dodging
  5013 | D:6      | Found a runed translucent door.
  5014 | D:6      | Noticed Crazy Yiuf
  5061 | D:6      | Identified the +2 leather armour "Qiego" {Str+4}
  5253 | D:6      | Noticed a two-headed ogre
  5266 | D:6      | Killed a two-headed ogre
  5267 | D:6      | Reached skill level 1 in Evocations
  5445 | D:6      | Reached XP level 10. HP: 60/73 MP: 0/0
  5469 | D:6      | Reached skill level 11 in Dodging
  5469 | D:6      | Reached skill level 5 in Spellcasting
  5469 | D:6      | Reached skill level 5 in Conjurations
  5469 | D:6      | Reached skill level 5 in Hexes
  5469 | D:6      | Reached skill level 5 in Summonings
  5469 | D:6      | Reached skill level 5 in Necromancy
  5469 | D:6      | Reached skill level 5 in Translocations
  5469 | D:6      | Reached skill level 5 in Fire Magic
  5469 | D:6      | Reached skill level 5 in Ice Magic
  5469 | D:6      | Reached skill level 5 in Air Magic
  5469 | D:6      | Reached skill level 5 in Earth Magic
  5469 | D:6      | Reached skill level 5 in Alchemy
  5720 | D:6      | Noticed Sigmund
  5728 | D:6      | Killed Sigmund
  5839 | D:6      | Found a sparkling altar of Nemelex Xobeh.
  6216 | D:7      | Found a runed translucent door.
  6216 | D:7      | Found a shimmering altar of Xom.
  6216 | D:7      | Noticed dynoo's ghost (novice TrMo)
  6218 | D:7      | Noticed a +1 trident of chaos
  6231 | D:7      | Reached skill level 5 in Armour
  6338 | D:7      | Reached skill level 5 in Stealth
  6991 | D:7      | Reached skill level 12 in Dodging
  7116 | D:7      | Found a staircase to the Ecumenical Temple.
  7122 | Temple   | Entered the Ecumenical Temple
  7281 | D:8      | Noticed Amaemon
  7284 | D:8      | Noticed an orange demon
  7291 | D:8      | Killed an orange demon
  7294 | D:8      | Killed Amaemon
  7603 | D:8      | Found a burning altar of Makhleb.
  7611 | D:8      | Became a worshipper of Makhleb the Destroyer
  7662 | D:8      | Reached XP level 11. HP: 61/81 MP: 0/0
  7662 | D:8      | Learned a level 5 spell: Arcjolt
  7669 | D:8      | Reached skill level 13 in Dodging
  8506 | D:9      | Found a flagged portal.
  8514 | D:9      | Reached skill level 1 in Invocations
  8573 | Bailey   | Entered a bailey
  8939 | Bailey   | Reached * piety under Makhleb
  9198 | Bailey   | Noticed an orc knight
  9198 | Bailey   | Noticed an orc knight
  9202 | Bailey   | Killed an orc knight
  9206 | Bailey   | Killed an orc knight
  9752 | D:9      | Found a hide-covered altar of Uskayaw.
  9764 | D:9      | Found a broken altar of Ashenzari.
 10279 | D:10     | Entered Level 10 of the Dungeon
 10439 | D:10     | Identified the maw talisman of Charity {rN++ Str+5 Dex-4}
 10450 | D:10     | Noticed an ogre mage
 10454 | D:10     | Noticed a deep elf pyromancer
 10564 | D:10     | Noticed a two-headed ogre
 10574 | D:10     | Killed a two-headed ogre
 10575 | D:10     | Reached skill level 14 in Dodging
 10575 | D:10     | Reached XP level 12. HP: 76/90 MP: 0/0
 10783 | D:10     | Reached ** piety under Makhleb
 11018 | D:10     | Found a basalt altar of Yredelemnul.
 11194 | D:10     | Killed an ogre mage
 11195 | D:10     | Reached skill level 5 in Evocations
 11535 | D:10     | Found a bloodstained altar of Trog.
 11737 | D:11     | Found a staircase to the Lair.
 11750 | D:11     | Reached skill level 10 in Fighting
 12029 | D:11     | Found a staircase to the Orcish Mines.
 12068 | D:11     | Noticed a skeletal warrior
 12069 | D:11     | Noticed a skeletal warrior
 12092 | D:11     | Killed a skeletal warrior
 12277 | D:11     | Noticed a boulder beetle
 12384 | D:11     | Killed a boulder beetle
 12431 | D:11     | Noticed a skeletal warrior
 12440 | D:11     | Killed a skeletal warrior
 12457 | D:11     | Killed a skeletal warrior
 12954 | D:11     | Noticed a skeletal warrior
 12954 | D:11     | Noticed a skeletal warrior
 12962 | D:11     | Slain by a skeletal warrior

Illustrated notes

Levels and vault maps discovered:
D:1:      dpeg_arrival_rhombi, layout_basic
D:2:      layout_basic, uniq_jessica
D:3:      layout_rooms, mainiacjoe_overflow_tiny_flanked, elyvilon_altar_1,
          nicolae_qazlal_general_emergency, lemuel_crystal_altar,
          minmay_lizard_king
D:4:      layout_basic, amcnicky_altar_gilded, nicolae_dithmenos_the_darkroom,
          serial_glass, glass_columns_a, glass_columns_a, minmay_misc_feat_five,
          uniq_pikel, uniq_duvessa
D:5:      layout_loops_ring, general_overflow_altar, lemuel_tele_altar,
          dreamdust_princess_bridge, grunt_ministairs_5, minmay_misc_feat_rows,
          nicolae_shop_vocational
D:6:      layout_gridville, nemelex_xobeh_ov_fountains_minmay,
          uniq_crazy_yiuf_cottage, uniq_sigmund, uniq_jeremiah
D:7:      layout_cave_pools, minmay_temple_entry_enclosed_plants,
          ebering_ghost_xom
D:8:      layout_loops_cross, marbit_many_paths, uniq_amaemon
D:9:      layout_stronghold, amethyst_overflow_temple_binary, enter_bailey_6
D:10:     layout_roguey, trog_hazing_becter,
          yredelemnul_forgotten_temple_becter, minmay_mirror_moons_of_madness
D:11:     layout_loops_ring, david_lair_generic, nzn_life_drinkers
Temple:   hellmonk_temple_two_chambers

Skill      XL: |  1  2  3  4  5  6  7  8  9 10 11 12 |
---------------+-------------------------------------+-----
Fighting       | 1 2 4 5 6 8 9 10 | 10.4
Armour         | 1 2 3 4 5 6 7 |  7.2
Dodging        | 3 4 7 8 10 12 14 | 14.7
Stealth        | 2 3 4 5 6 |  6.9
Spellcasting   | 4 5 6 |  6.5
Conjurations   | 4 5 6 |  6.5
Hexes          | 4 5 6 |  6.5
Summonings     | 4 5 6 |  6.5
Necromancy     | 4 5 6 |  6.5
Translocations | 4 5 6 |  6.5
Fire Magic     | 4 5 6 |  6.5
Ice Magic      | 4 5 6 |  6.5
Air Magic      | 4 5 6 |  6.5
Earth Magic    | 4 5 6 |  6.5
Alchemy        | 4 5 6 |  6.5
Evocations     | 1 3 4 5 |  5.6
Invocations    | 2 4 |  4.0

Action                     |  1- 3 |  4- 6 |  7- 9 | 10-12 || total
---------------------------+-------+-------+-------+-------++-------
  Melee: Mace              |       |    14 |     1 |     4 ||    19
   Cast: Magic Dart        |    55 |    50 |    69 |    90 ||   264
         Searing Ray       |       |     4 |    24 |   116 ||   144
         Iskenderun's Myst |       |       |     8 |    53 ||    61
         Fulminant Prism   |       |       |     2 |    11 ||    13
         Arcjolt           |       |       |       |    28 ||    28
         Ozocubu's Armour  |       |       |       |     2 ||     2
    Use: Scroll            |     2 |     7 |     6 |    10 ||    25
         Potion            |       |       |     1 |       ||     1
 Armour: Robe              |     4 |    13 |    13 |   112 ||   142
  Dodge: Dodged            |     3 |     8 |    24 |   213 ||   248

Table legend: (Time is in decaauts)
 A = Elapsed time spent in this place.
 B = Non-inter-level travel time spent in this place.
 C = Inter-level travel time spent in this place.
 D = Time resting spent in this place.
 E = Time spent auto-exploring this place.
 F = Levels seen in this place.
 G = Mean time per level.
                   A        B        C        D        E       F      G
               +--------+--------+--------+--------+--------+-----+--------+
         Total |  12983 |  12741 |    242 |   3003 |   7277 |  13 |  998.7 |
       Dungeon |  12170 |  11928 |    242 |   2572 |   7172 |  11 | 1106.4 |
        Temple |      7 |      7 |      0 |      0 |      0 |   1 |    7.0 |
        Bailey |    804 |    804 |      0 |    431 |    105 |   1 |  804.0 |
               +--------+--------+--------+--------+--------+-----+--------+

Top non-repeatable levels by time:
     D:6: 1638 daAuts
    D:10: 1577 daAuts
     D:4: 1427 daAuts
     D:5: 1222 daAuts
     D:9: 1143 daAuts
     D:8: 1074 daAuts
    D:11: 969 daAuts
     D:2: 919 daAuts
     D:7: 825 daAuts
  Bailey: 804 daAuts
     D:1: 754 daAuts
     D:3: 619 daAuts
  Temple: 7 daAuts
